 Dungeon Crawl Stone Soup version 0.28.0-45-g0d030f2227 (webtiles) character file.

Game seed: 3405507121293914388

33 Ablot the Cutter (level 3, -8/35 HPs)
             Began as a Gnoll Chaos Knight on Apr 20, 2022.
             Was a Plaything of Xom.
             Mangled by a guardian serpent (shapeshifter) (21 damage)
             ... on level 2 of the Dungeon.
             The game lasted 00:01:08 (970 turns).

Ablot the Cutter (Gnoll Chaos Knight)                Turns: 970, Time: 00:01:09

Health: -8/35      AC:  6    Str: 13    XL:     3   Next: 29%
Magic:  4/4        EV: 12    Int: 11    God:    Xom [....*.]
Gold:   34         SH:  0    Dex: 11    Spells: 3/3 levels left

rFire   . . .      SeeInvis .   a - +0 short sword (chaos)
rCold   . . .      Faith    .   (no shield)
rNeg    . . .      Spirit   .   b - +2 leather armour
rPois   .          Reflect  .   (no helmet)
rElec   .          Harm     .   (no cloak)
rCorr   .          Rampage  .   j - +0 pair of gloves
Will    .....                   (no boots)
Stlth   +.........              (no amulet)
HPRegen 0.11/turn               (no ring)
MPRegen 0.09/turn               (no ring)

@: no status effects
A: fangs 1, strong nose, distributed training
a: Renounce Religion


You were on level 2 of the Dungeon.
You worshipped Xom.
You were a beloved toy of Xom.
You visited 1 branch of the dungeon, and saw 2 of its levels.

You collected 34 gold pieces.

Inventory:

Hand Weapons
 a - a +0 short sword of chaos (weapon)
 f - a +2 dagger of venom
Missiles
 d - 46 stones (quivered)
Armour
 b - a +2 leather armour (worn)
 j - a +0 pair of gloves (worn)
Scrolls
 e - a scroll of vulnerability {unknown}
 i - a scroll of blinking {unknown}
 k - a scroll of immolation {unknown}
 l - a scroll of magic mapping {unknown}
Potions
 g - a potion of lignification {unknown}
 h - a potion of ambrosia {unknown}


   Skills:
 + Level 6.5 Fighting
 + Level 6.5 Short Blades
 + Level 0.7 Long Blades
 + Level 0.7 Axes
 + Level 0.7 Maces & Flails
 + Level 0.7 Polearms
 + Level 0.7 Staves
 + Level 0.7 Slings
 + Level 0.7 Bows
 + Level 0.7 Crossbows
 + Level 0.7 Throwing
 + Level 4.5 Armour
 + Level 2.6 Dodging
 + Level 0.7 Stealth
 + Level 0.7 Shields
 + Level 0.7 Unarmed Combat
 + Level 0.7 Spellcasting
 + Level 0.5 Conjurations
 + Level 0.5 Hexes
 + Level 0.5 Summonings
 + Level 0.5 Necromancy
 + Level 0.5 Translocations
 + Level 0.5 Transmutations
 + Level 0.5 Fire Magic
 + Level 0.5 Ice Magic
 + Level 0.5 Air Magic
 + Level 0.5 Earth Magic
 + Level 0.5 Poison Magic
 + Level 0.9 Invocations
 + Level 0.7 Evocations


You had 3 spell levels left.
You didn't know any spells.
Your spell library was empty.

Dungeon Overview and Level Annotations

Branches:
Dungeon (2/15)

Altars:


Innate Abilities, Weirdness & Mutations

You have very sharp teeth.
Your uncanny sense of smell can sniff out nearby items.
Your experience applies equally to all skills.


Message History

No target in view!
No target in view!
No target in view!
Found a stone staircase leading down.
An endoplasm and a ball python come into view.
The helpless ball python fails to defend itself.
You puncture the ball python!
You kill the ball python!
The endoplasm misses you.
You see here a ball python corpse.
You hit the endoplasm.
The endoplasm changes into a shapeshifter!
The shapeshifter changes into a guardian serpent!
You hit the guardian serpent but do no damage.
You bite the guardian serpent, but do no damage.
The guardian serpent hits you.
You closely miss the guardian serpent. Your bite misses the guardian serpent.
The guardian serpent hits you!!
Ouch! That really hurt!
* * * LOW HITPOINT WARNING * * *
You are too injured to fight recklessly!
You are too injured to fight recklessly!
You are too injured to fight recklessly!
You are too injured to fight recklessly!
You are too injured to fight recklessly!
You are too injured to fight recklessly!
A guardian serpent is nearby!
It was a potion of heal wounds.
You feel much better.
The guardian serpent hits you but does no damage. x2
Unknown command.
You hit the guardian serpent but do no damage.
The guardian serpent barely misses you.
You barely miss the guardian serpent. The guardian serpent hits you!!
Ouch! That really hurt!
You hit the guardian serpent.
The guardian serpent is lightly wounded.
The guardian serpent hits you!!
Ouch! That really hurt!
You die...
Xom cackles wildly!

####################
..................>#
#############.##.###
#.##@# #.##S# ∆
#.##.# ∆ #.##.. ∆
#.#### ∆ #.# ...


You could see a guardian serpent shaped shifter.

Vanquished Creatures
  An adder skeleton (D:2)
  3 ball pythons
  2 bats (D:1)
  2 endoplasms (D:1)
  2 giant cockroaches
  3 goblins (D:1)
  2 hobgoblins
  2 quokkas
  3 frilled lizards
  4 kobolds
  5 rats
29 creatures vanquished.

Notes
Turn   | Place    | Note
-------+----------+-------------------------------------------
     0 | D:1      | Ablot the Gnoll Chaos Knight began the quest for the Orb.
     0 | D:1      | Reached XP level 1. HP: 23/23 MP: 1/1
   123 | D:1      | XOM: silly message
   159 | D:1      | Reached XP level 2. HP: 29/29 MP: 2/2
   185 | D:1      | Found a faded altar of an unknown god.
   200 | D:1      | XOM: potion effect (curing)
   832 | D:2      | Reached XP level 3. HP: 35/35 MP: 3/3
   964 | D:2      | Noticed a shapeshifter
   964 | D:2      | an endoplasm changed into a shapeshifter
   964 | D:2      | Noticed a guardian serpent
   964 | D:2      | a shapeshifter changed into a guardian serpent
   970 | D:2      | Mangled by a guardian serpent (shapeshifter)

Illustrated notes

Levels and vault maps discovered:
D:1:      scummos_arrival_simple_crosswalls, layout_basic,
          chequers_ecumenical_altar_island
D:2:      layout_basic, serial_undead, serial_undead_c, serial_undead_e,
          serial_undead_c, serial_undead_d, grunt_ministairs_15

Action                   || total
-------------------------++-------
Melee: Short sword       ||    85
       Bite              ||     5
       Punch             ||     1
  Use: Potion            ||     1
 Stab: Sleeping          ||     2
Armor: Leather armour    ||    23
Dodge: Dodged            ||    51
